Map: 2000 Atmospheres LE

Players

Antis - Winner!

  • Race: Zerg Zerg

Maplez

  • Race: Protoss Protoss

Event: DreamHack SC2 Masters 2021 Winter

VOD

Have the link to the VOD?

Description

Time

  • Played on: Oct. 5, 2021, 5:33 p.m.
  • Length: 24:44

All games in this series

Show
View Real Time Build Order
Export as new Build Order

Antis Zerg - Winner!

Build Orders: Hatch First 

Get SALT Encoding   

  12  0:00  Drone  
  13  0:12  Overlord  
  13  0:17  Drone  
  14  0:31  Drone x2  
  16  0:43  Drone  
  17  0:52  Hatchery  
  17  0:55  Drone  
  17  0:57  Drone  
  18  1:08  Extractor  
  17  1:14  Spawning Pool  
  17  1:18  Drone  
  17  1:21  Drone  
  18  1:28  Drone  
  19  1:41  Drone  
  20  1:50  Overlord  
  20  2:02  Queen  
  20  2:04  Queen  
  20  2:05  Zergling x4  
  26  2:14  Metabolic Boost  
  26  2:17  Drone x2  
  26  2:21  Drone  
  29  2:25  Drone  
  30  2:40  Hatchery  
  29  2:44  Zergling x2  
  29  2:46  Zergling x2  
  29  2:51  Overlord  
  31  2:54  Queen  
  33  3:01  Drone x3  
  36  3:14  Overlord  
  36  3:16  Drone x4  
  38  3:22  Zergling x2  
  38  3:23  Zergling x2  
  38  3:37  Drone x2  
  38  3:40  Queen  
  41  3:46  Spore Crawler  
  41  3:47  Queen  
  42  3:52  Drone x3  
  42  3:53  Drone  
  46  3:56  Overlord  
  46  4:00  Zergling x2  
  46  4:01  Drone x2  
  49  4:18  Drone x8  
  57  4:28  Overlord  
  57  4:29  Overlord  
  57  4:31  Queen  
  57  4:47  Drone x8  
  57  4:48  Drone  
  57  4:52  Overlord  
  66  4:53  Spore Crawler  
  65  5:02  Drone x6, Spore Crawler  
  65  5:03  Zergling x2  
  71  5:11  Queen  
  71  5:12  Queen  
  75  5:14  Extractor  
  75  5:16  Evolution Chamber  
  73  5:23  Drone, Overlord  
  73  5:25  Overlord  
  73  5:28  Overlord, Roach Warren  
  73  5:30  Overlord  
  73  5:37  Zergling x2  
  73  5:38  Hatchery  
  73  5:41  Zergling x2  
  74  5:44  Zerg Missile Weapons Level 1  
  74  5:48  Lair, Extractor  
  74  5:49  Drone x9  
  82  5:51  Extractor  
  82  5:52  Extractor  
  82  5:57  Overlord  
  80  6:02  Overlord  
  79  6:08  Roach x3  
  79  6:09  Roach x4  
  93  6:13  Evolution Chamber, Spine Crawler  
  93  6:17  Evolution Chamber  
  93  6:18  Roach x4  
  98  6:21  Overlord  
  98  6:24  Roach x2  
  98  6:35  Roach x7  
  103  6:42  Zergling x10  
  103  6:48  Queen x2  
  99  6:59  Glial Reconstitution  
  99  7:00  Queen  
  90  7:04  Queen  
  90  7:06  Zergling x10  
  90  7:07  Zergling x2  
  89  7:12  Ravager x2  
  89  7:14  Ravager  
  88  7:19  Drone x2  
  88  7:20  Drone x3  
  88  7:21  Drone x5  
  98  7:24  Queen  
  100  7:36  Drone x3  
  102  7:38  Overlord  
  102  7:41  Queen x2  
  102  7:42  Zerg Missile Weapons Level 2  
  106  7:47  Roach x4  
  111  7:52  Queen  
  111  7:57  Zergling x8  
  111  7:58  Zergling x4  
  119  7:59  Extractor  
  118  8:13  Roach x11  
  140  8:22  Zerg Ground Armor Level 1  
  140  8:29  Overlord  
  140  8:31  Overlord x3  
  139  8:40  Drone x5  
  143  8:42  Hydralisk Den  
  143  8:48  Drone x3  
  145  8:56  Overlord x2  
  145  8:57  Overlord  
  145  8:58  Drone x7  
  145  9:01  Overlord  
  145  9:02  Overlord  
  151  9:05  Infestation Pit  
  151  9:07  Drone x3  
  152  9:11  Baneling Nest  
  152  9:13  Spine Crawler  
  152  9:16  Spine Crawler, Spore Crawler  
  143  9:20  Zergling x2  
  143  9:21  Zergling x18  
  153  9:31  Zerg Melee Weapons Level 1  
  153  9:33  Drone x3  
  153  9:34  Spire  
  153  9:35  Spire  
  153  9:36  Spine Crawler  
  153  9:38  Hydralisk x2  
  152  9:39  Hydralisk x2  
  152  9:43  Overseer  
  158  9:54  Spore Crawler  
  157  10:10  Hydralisk x13  
  184  10:15  Grooved Spines  
  184  10:20  Hatchery  
  184  10:21  Extractor  
  182  10:22  Extractor  
  181  10:35  Hydralisk  
  181  10:36  Hydralisk x5  
  181  10:39  Zergling x4  
  181  10:40  Zergling x6  
  188  11:02  Hydralisk x6  
  191  11:28  Hive  
  187  11:43  Hatchery  
  187  11:45  Drone x9  
  189  11:48  Zerg Melee Weapons Level 2  
  189  11:49  Zerg Ground Armor Level 2  
  180  11:55  Hydralisk x4, Hatchery  
  180  11:56  Hydralisk x3  
  192  12:04  Spine Crawler x3  
  192  12:05  Spine Crawler  
  174  12:10  Infestor  
  174  12:15  Zerg Flyer Weapons Level 1  
  176  12:20  Zergling x20  
  186  12:31  Muscular Augments  
  185  12:42  Corruptor, Viper  
  185  12:43  Corruptor x3  
  194  12:49  Zergling x2  
  195  12:54  Spore Crawler  
  195  12:55  Spore Crawler x2  
  160  13:12  Overseer  
  156  13:16  Infestor  
  147  13:33  Corruptor  
  147  13:34  Corruptor x7  
  141  13:37  Zergling x10  
  141  13:38  Zergling x32  
  178  13:43  Drone x9  
  187  13:58  Ultralisk Cavern  
  187  14:00  Spire  
  185  14:02  Burrow  
  168  14:21  Drone x5  
  173  14:31  Corruptor  
  173  14:32  Corruptor x3  
  173  14:33  Spore Crawler  
  173  14:34  Spine Crawler x3  
  173  14:36  Spine Crawler x2  
  173  14:37  Spine Crawler  
  174  14:40  Spine Crawler  
  164  15:07  Spine Crawler, Extractor  
  164  15:09  Drone x12, Spine Crawler, Extractor  
  164  15:10  Spine Crawler  
  164  15:12  Spine Crawler  
  164  15:13  Greater Spire, Zerg Flyer Weapons Level 2  
  169  15:14  Chitinous Plating, Spine Crawler  
  169  15:15  Overseer  
  168  15:22  Viper  
  168  15:26  Zerg Melee Weapons Level 3  
  168  15:27  Zerg Ground Armor Level 3  
  171  15:37  Zergling x6  
  171  15:38  Zergling x12  
  171  15:39  Overseer  
  171  15:40  Overseer, Hatchery  
  178  15:45  Centrifugal Hooks  
  173  16:02  Spine Crawler  
  173  16:03  Overseer, Spine Crawler  
  170  16:04  Spine Crawler  
  170  16:06  Drone  
  170  16:07  Drone x9  
  179  16:16  Ultralisk  
  184  16:18  Baneling  
  184  16:19  Baneling x16  
  184  16:20  Baneling  
  184  16:21  Baneling x2  
  184  16:25  Pneumatized Carapace, Overseer  
  184  16:33  Anabolic Synthesis  
  182  16:41  Brood Lord x3  
  192  16:47  Ultralisk  
  192  16:51  Spine Crawler  
  192  16:53  Spore Crawler  
  186  17:03  Ultralisk  
  186  17:05  Zergling x16  
  199  17:13  Infestor  
  189  17:31  Brood Lord x2  
  189  17:33  Corruptor x3  
  199  17:48  Extractor  
  199  17:49  Extractor  
  196  17:53  Spine Crawler  
  196  17:54  Spine Crawler x2  
  193  18:05  Corruptor x3, Spore Crawler  
  192  18:06  Spore Crawler  
  192  18:07  Drone x2  
  192  18:08  Spore Crawler x3  
  192  18:09  Spore Crawler x2  
  192  18:10  Spore Crawler  
  192  18:11  Spore Crawler x2  
  192  18:12  Spore Crawler  
  190  18:16  Zerg Missile Weapons Level 3  
  190  18:17  Drone x2, Overseer, Spore Crawler  
  190  18:18  Overseer, Spore Crawler x2  
  190  18:19  Spore Crawler x2  
  186  18:22  Spore Crawler  
  185  18:33  Drone x3  
  186  18:34  Drone x3  
  186  18:35  Drone x7  
  196  19:07  Hatchery  
  194  19:10  Zerg Flyer Armor Level 1, Zerg Flyer Weapons Level 3  
  194  19:14  Hatchery  
  193  19:17  Zergling x2  
  193  19:18  Zergling x12  
  199  20:24  Spore Crawler  
  199  20:26  Spore Crawler  
  199  20:27  Spore Crawler  
  195  20:29  Spore Crawler  
  195  20:30  Spore Crawler x2  
  182  20:50  Zergling x30  
  182  20:51  Zergling x6  
  199  21:17  Hatchery  
  197  21:34  Drone x2  
  199  21:40  Spine Crawler  
  199  21:41  Spine Crawler, Spore Crawler  
  199  21:42  Spine Crawler  
  199  21:44  Unknown  
  194  21:47  Infestor x2  
  174  22:02  Ultralisk  
  174  22:03  Zergling x4  
  174  22:04  Zergling x14  
  189  22:16  Brood Lord x4  
  197  22:39  Corruptor  
  199  22:45  Spore Crawler x3  
  190  22:59  Zergling x18  
  194  23:35  Spire  
  194  23:37  Ultralisk Cavern, Lair  
  194  23:39  Infestation Pit  
  189  23:42  Overlord x7  
  188  24:18  Baneling Nest  
Show
View Real Time Build Order
Export as new Build Order

Maplez Protoss 

Build Orders: 1 Gate Expand 

Get SALT Encoding   

  12  0:00  Probe  
  13  0:12  Probe  
  14  0:18  Pylon  
  14  0:24  Probe (Chrono Boost)  
  15  0:37  Probe (Chrono Boost)  
  15  0:40  Gateway  
  16  0:44  Probe (Chrono Boost)  
  17  0:51  Assimilator  
  17  0:53  Probe  
  18  1:05  Probe  
  19  1:17  Probe  
  20  1:27  Cybernetics Core  
  20  1:38  Nexus  
  21  1:48  Pylon  
  21  1:50  Assimilator  
  21  1:53  Probe  
  21  2:03  Adept (Chrono Boost)  
  21  2:07  Probe  
  24  2:19  Probe  
  25  2:24  Adept (Chrono Boost), Stargate  
  27  2:31  Probe  
  27  2:38  Pylon  
  27  2:41  Warp Gate  
  28  2:45  Probe (Chrono Boost)  
  28  2:50  Zealot  
  30  2:52  Probe (Chrono Boost)  
  32  3:01  Probe x2 (Chrono Boost)  
  32  3:02  Void Ray (Chrono Boost)  
  33  3:08  Probe  
  38  3:18  Probe  
  39  3:22  Pylon  
  39  3:25  Gateway  
  39  3:27  Probe  
  38  3:36  Probe  
  38  3:37  Void Ray  
  38  3:39  Probe  
  38  3:47  Shield Battery  
  42  3:50  Probe  
  42  3:51  Probe  
  44  4:02  Twilight Council, Probe  
  45  4:04  Probe  
  45  4:05  Pylon  
  46  4:10  Pylon  
  46  4:15  Robotics Facility  
  45  4:17  Probe  
  45  4:18  Probe  
  47  4:30  Probe  
  48  4:33  Adept x2  
  48  4:35  Charge (Chrono Boost)  
  52  4:40  Pylon  
  52  4:47  Nexus  
  52  4:55  Gateway  
  52  4:59  Gateway  
  52  5:04  Gateway  
  52  5:08  Gateway  
  52  5:11  Warp Prism (Chrono Boost)  
  54  5:23  Gateway x2  
  54  5:29  Zealot  
  54  5:30  Zealot  
  58  5:36  Shield Battery  
  58  5:39  Pylon  
  58  5:55  Zealot x2  
  58  5:56  Zealot x2, Protoss Air Weapons Level 1  
  66  6:01  Pylon x2  
  66  6:11  Zealot x2  
  70  6:14  Pylon  
  70  6:16  Zealot x2  
  74  6:22  Observer  
  75  6:32  Zealot x5  
  81  6:37  Zealot  
  77  6:52  Zealot x4  
  77  6:53  Zealot  
  77  6:57  Zealot x2  
  73  7:03  Zealot  
  67  7:14  Probe  
  67  7:15  Probe x2  
  60  7:16  Assimilator  
  58  7:25  Zealot  
  58  7:26  Zealot x4, Probe  
  58  7:27  Probe  
  58  7:29  Void Ray (Chrono Boost), Probe  
  71  7:38  Probe  
  71  7:39  Probe  
  71  7:41  Probe  
  78  7:50  Probe  
  75  7:53  Probe  
  75  7:56  Probe  
  77  8:00  Assimilator  
  77  8:02  Probe  
  77  8:03  Assimilator  
  77  8:05  Probe  
  79  8:06  Assimilator  
  79  8:08  Probe, Stargate  
  79  8:09  Void Ray (Chrono Boost)  
  80  8:15  Probe  
  80  8:17  Probe  
  86  8:23  Zealot x2  
  86  8:24  Zealot  
  86  8:26  Zealot  
  96  8:34  Forge, Shield Battery  
  94  8:36  Void Ray (Chrono Boost)  
  94  8:37  Shield Battery  
  94  8:39  Observer  
  97  8:49  Void Ray (Chrono Boost)  
  97  8:54  Zealot x2  
  105  9:01  Zealot x3  
  109  9:07  Void Ray (Chrono Boost)  
  109  9:08  Probe x3  
  116  9:18  Robotics Facility  
  116  9:20  Void Ray (Chrono Boost), Probe x2  
  122  9:32  Fleet Beacon  
  122  9:36  Probe x2  
  124  9:51  Pylon  
  120  9:53  Pylon  
  120  10:01  Void Ray (Chrono Boost)  
  116  10:07  Observer (Chrono Boost)  
  116  10:11  Zealot x3, Robotics Bay, Void Ray (Chrono Boost)  
  116  10:12  Zealot  
  133  10:31  Void Ray  
  133  10:32  Flux Vanes  
  133  10:35  Nexus  
  133  10:36  Pylon  
  137  10:45  Pylon  
  137  10:58  Zealot  
  137  10:59  Zealot x2  
  137  11:02  Disruptor (Chrono Boost)  
  141  11:04  Zealot x2  
  141  11:05  Zealot x2  
  141  11:06  Disruptor (Chrono Boost)  
  141  11:10  Nexus  
  137  11:13  Pylon  
  137  11:14  Zealot  
  121  11:29  Zealot x3  
  121  11:31  Disruptor (Chrono Boost)  
  127  11:34  Disruptor (Chrono Boost)  
  123  11:44  Zealot x3  
  104  11:54  Zealot x2  
  104  11:57  Disruptor (Chrono Boost)  
  104  11:59  Disruptor (Chrono Boost)  
  112  12:16  Observer  
  112  12:18  Zealot x2  
  112  12:19  Zealot  
  112  12:20  Observer  
  118  12:25  Observer  
  118  12:27  Nexus  
  118  12:29  Pylon  
  118  12:31  Pylon  
  118  12:32  Pylon  
  118  12:44  Dark Shrine  
  118  12:45  Pylon  
  118  12:46  Disruptor  
  118  12:51  Nexus  
  121  12:54  Pylon  
  121  12:55  Zealot  
  121  12:57  Probe  
  114  13:01  Probe  
  112  13:12  Disruptor  
  108  13:16  Zealot  
  108  13:17  Zealot  
  110  13:25  Probe  
  98  13:27  Probe  
  98  13:30  Observer  
  98  13:32  Zealot x3  
  90  13:39  Observer  
  87  13:47  Templar Archives  
  86  13:56  Dark Templar x4  
  86  14:02  Zealot  
  96  14:05  Zealot  
  98  14:15  Probe  
  97  14:21  Assimilator  
  97  14:22  Assimilator  
  97  14:24  High Templar  
  99  14:31  High Templar x3  
  99  14:37  Archon  
  78  14:52  Zealot x2  
  65  14:59  Carrier x2 (Chrono Boost)  
  73  15:24  High Templar x3  
  73  15:25  High Templar  
  73  15:26  Zealot x2  
  85  15:28  Archon  
  85  15:29  Archon  
  85  15:31  Archon x2  
  85  15:37  Psionic Storm  
  85  15:39  Nexus  
  85  15:41  Pylon  
  85  15:47  Observer  
  85  15:54  High Templar  
  87  15:57  High Templar  
  89  16:10  High Templar x2  
  93  16:11  Void Ray (Chrono Boost)  
  95  16:32  Photon Cannon  
  94  16:36  Photon Cannon  
  94  16:38  Void Ray (Chrono Boost)  
  92  16:42  Void Ray (Chrono Boost)  
  96  16:53  Zealot x2  
  100  17:11  Carrier (Chrono Boost)  
  106  17:27  Nexus  
  106  17:30  Pylon  
  106  17:34  High Templar x2  
  110  17:38  Carrier (Chrono Boost)  
  110  17:40  Archon  
  110  17:51  Probe  
  110  18:01  Void Ray (Chrono Boost), Dark Templar  
  110  18:03  Probe  
  117  18:15  Nexus  
  117  18:20  Pylon  
  117  18:31  Carrier (Chrono Boost)  
  121  18:40  Pylon  
  121  18:43  High Templar  
  121  18:44  High Templar  
  123  18:50  Archon  
  122  19:10  High Templar x2  
  122  19:15  Archon  
  124  19:24  High Templar  
  124  19:26  Void Ray (Chrono Boost)  
  124  19:29  Assimilator, Probe x2  
  124  19:30  Assimilator  
  134  19:38  Probe x2  
  134  19:41  Probe x2  
  130  19:50  Probe x2  
  132  19:53  Probe x2  
  133  20:02  Probe x2  
  133  20:05  Probe x2  
  133  20:07  Dark Templar  
  141  20:16  Carrier (Chrono Boost)  
  141  20:26  Carrier (Chrono Boost)  
  135  20:56  Cybernetics Core  
  135  21:07  Observer  
  135  21:08  Carrier (Chrono Boost)  
  135  21:09  Pylon  
  148  21:13  Carrier (Chrono Boost)  
  146  21:25  Gateway  
  146  21:50  Zealot x4  
  120  22:15  Zealot x2  
  98  23:05  Observer  

Tags
 
Add a new tag
Caveats
  • Supply blocks, unpowered buildings, or Contaminate may cause inaccurate times.
  • Supply counts are checked every 10 seconds.